 Dungeon Crawl Stone Soup version 0.19.5 (webtiles) character file.

73 tof the Cudgeler (level 4, -3/40 HPs)
             Began as a Minotaur Berserker on Mar 9, 2017.
             Was a Believer of Trog.
             Slain by Azzok's ghost (4 damage)
             ... on level 3 of the Dungeon.
             The game lasted 00:04:17 (1865 turns).

tof the Cudgeler (Minotaur Berserker)               Turns: 1865, Time: 00:04:17

Health: -3/40      AC:  2    Str: 19 (22) XL:     4   Next: 8%
Magic:  3/3        EV: 12    Int:  3 (4)  God:    Trog [**....]
Gold:   86         SH:  0    Dex:  7 (10) Spells: 0 memorised, 3 levels left

rFire  . . .     SeeInvis .     a - +0 mace
rCold  . . .     Gourm    .     b - +0 animal skin
rNeg   . . .     Faith    .     (no shield)
rPois  .         Spirit   .     (helmet restricted)
rElec  .         Reflect  .     (no cloak)
rCorr  .         Harm     .     (no gloves)
MR     .....                    (no boots)
Stlth  +.........               (no amulet)
                                (no ring)
                                (no ring)

@: no status effects
A: retaliatory headbutt, horns 2
a: Berserk, Trog's Hand, Burn Spellbooks, Renounce Religion


You were on level 3 of the Dungeon.
You worshipped Trog.
Trog was pleased with you.
You were not hungry.

You visited 1 branch of the dungeon, and saw 3 of its levels.

You collected 86 gold pieces.

Inventory:

Hand Weapons
 a - a +0 mace (weapon)
Missiles
 g - 8 javelins (quivered)
Armour
 b - a +0 animal skin (worn)
Jewellery
 e - a +4 amulet of reflection {unknown}
Scrolls
 f - a scroll of enchant armour {unknown}
 h - a scroll of random uselessness {unknown}
 j - a scroll of fear {unknown}
Comestibles
 c - 3 bread rations
 d - a chunk of flesh
 i - a meat ration


   Skills:
 + Level 4.1 Fighting
 * Level 4.8 Maces & Flails
 + Level 2.8 Armour
 + Level 3.1 Dodging


You had 3 spell levels left.
You didn't know any spells.

Dungeon Overview and Level Annotations

Branches:
Dungeon (3/15)

Altars:
Ashenzari
Cheibriados
Ru

Annotations:
D:3 Azzok's ghost, amateur CeHu


Innate Abilities, Weirdness & Mutations

You reflexively headbutt those who attack you in melee.
You have a pair of horns on your head.


Message History

Azzok's ghost is heavily damaged.
Azzok's ghost misses you. You furiously retaliate!
You headbutt Azzok's ghost. You closely miss Azzok's ghost.
Azzok's ghost is severely damaged.
Azzok's ghost hits you but does no damage.
You hit Azzok's ghost but do no damage.
Azzok's ghost is severely damaged.
Azzok's ghost hits you. Azzok's ghost hits you!
* * * LOW HITPOINT WARNING * * *
You are too injured to fight recklessly!
You are too injured to fight recklessly!
You are too injured to fight recklessly!
You are too injured to fight recklessly!
You are too injured to fight recklessly!
You hit Azzok's ghost but do no damage. You headbutt Azzok's ghost!
Azzok's ghost is almost destroyed.
Azzok's ghost hits you!
* * * LOW HITPOINT WARNING * * *
Azzok's ghost hits you.
You die...

.............#
.............#
..#..........#
...........# .........## .
###.)......# ...
#...........
.....##.#........# #+#
#..@W.)......' #.#
#.###........#
########.###+###.(......#
##......#.........(......#
.................(........
#................#.......
#................#.......
#................#.......
#.#####...#......##......


You could see Azzok's ghost.

Vanquished Creatures
  2 adders (D:2)
  An ooze (D:1)
  A worm (D:2)
  3 dart slugs
  A leopard gecko (D:2)
  An orc (D:3)
  3 bats (D:1)
  A giant cockroach (D:3)
  10 goblins
  3 hobgoblins (D:1)
  3 frilled lizards
  8 kobolds
  5 rats (D:2)
42 creatures vanquished.

Notes
Turn   | Place    | Note
-------+----------+-------------------------------------------
     0 | D:1      | tof the Minotaur Berserker began the quest for the Orb.
     0 | D:1      | Reached XP level 1. HP: 19/19 MP: 0/0
   219 | D:1      | Reached XP level 2. HP: 20/27 MP: 1/1
   497 | D:1      | Reached XP level 3. HP: 28/33 MP: 2/2
   826 | D:2      | Found a shattered altar of Ashenzari.
   909 | D:2      | Reached ** piety under Trog
  1349 | D:2      | Found a snail-covered altar of Cheibriados.
  1466 | D:2      | Found a sacrificial altar of Ru.
  1830 | D:3      | Reached XP level 4. HP: 26/40 MP: 3/3
  1849 | D:3      | Noticed Azzok's ghost (amateur CeHu)
  1864 | D:3      | HP: 1/40 [Azzok's ghost (11)]
  1865 | D:3      | Slain by Azzok's ghost

Skill      XL: |  1  2  3 |
---------------+----------+-----
Maces & Flails | 4 |  4.8
Fighting       | 4 |  4.1
Dodging        | 3 |  3.1
Armour         | |  2.8

Action                   |  1- 3 |  4- 6 || total
-------------------------+-------+-------++-------
Melee: Mace              |    82 |    15 ||    97
       Headbutt          |     9 |     2 ||    11
Invok: Berserk           |     1 |       ||     1
  Use: Scroll            |     2 |       ||     2
       Potion            |     4 |       ||     4
  Eat: Chunk             |     4 |       ||     4
Armor: Animal skin       |    11 |     2 ||    13
Dodge: Dodged            |    50 |     9 ||    59
